 BcadrenCrawl: Boulder Brew version 0.06.7.3-23-g1ca577db0e (webtiles) character file.

Game seed: 86831361160115447

277 MackTheKnife the Skirmisher (level 6, -2/72 HPs) Barachi Fighter. Began on Nov 17, 2023. Slain by a cinder newt (4 damage) ... on level 2 of the Dungeon. The game lasted 00:02:54 (2241 turns).

MackTheKnife the Skirmisher (Barachi Fighter)       Turns: 2241, Time: 00:02:55

Health: -2/72      AC:  2    Str: 18    XL:     6 ^: 221
Magic:  6/6        EV:  8    Int:  9    God:
Gold:   61         SH:  8    Dex: 12    Spells: 5/5 levels left

rFire    . . .     Slash    .   a - +0 war axe {axe}
rCold    . . .     Pierce   .   c - +0 heater shield
rNeg     . . .     Bludgeon .   b - +0 scale mail
rCorr    + . .     Vision   .   (no helmet)
rPois    .                      (no cloak)
rElec    .                      (no gloves)
MR       .....                  (boots unavailable)
HPRegen  0.34/turn              (no amulet)
MPRegen  0.16/turn              e - ring of stealth
Stlth    +.........             i - ring of resist corrosion

@: corroded, very slightly contaminated, slow
A: slowness 1, daystrider, frog legs 1, soft flesh
a: Hop


You were on level 2 of the Dungeon.
You were not hungry.

You visited 1 branch of the dungeon, and saw 2 of its levels.

You collected 61 gold pieces.


Innate Abilities, Weirdness & Mutations

You cover ground slowly.
You can see and be seen from farther away.
Your frog legs can swim and hop short distances.
((Your soft flesh is weak to deep cuts.
Heavy manmade armour will nullify this weakness. (rSlashing-)))


   Skills:
 + Level 5.5 Fighting
 + Level 4.3 Axes & Hammers
 - Level 3.6 Armour
 + Level 5.0 Shields


You had 5 spell levels left.
You didn't know any spells.
Your spell library was empty.

Inventory:

Weapons
 a - a +0 war axe (weapon) {axe} Shields
 c - a +0 heater shield (shield)
Armour
 b - a +0 scale mail (worn)
Jewellery
 e - a ring of stealth (left hand)
   (You took it off a kobold on level 1 of the Dungeon)
 i - a ring of resist corrosion (right hand)
   (You took it off a kobold on level 1 of the Dungeon)
 k - an uncursed ring of fire
   (You took it off a kobold on level 1 of the Dungeon)
Scrolls
 l - a scroll of enchantment
Miscellaneous
 d - 2 empty bottles
Comestibles
 f - 4 rations {@e2}

Dungeon Overview and Level Annotations

Branches:
Dungeon (2/8)

Altars:

##≈. ##≈J# ## ...
≈.#.J##### #≈ ≈.≈
#..#..##.≈###
#.##.##≈.≈#≈..≈≈≈.≈## ≈
#..≈≈..≈####..≈#...≈#
≈≈##.♣...♣.≈##≈≈§§###.≈#
≈≈#..........####.≈#.≈≈#
≈..♣...<÷..♣..#≈#J.#.≈##
≈≈.....[....)≈#≈@lJ#.≈#
≈b##≈♣÷..♣...##.b#≈#..##
##.......#########÷.#
##.≈#..≈##.≈.≈.##..≈#
##≈.##..##.....≈≈##≈.#
≈≈#..###..#†≈.###.≈≈<..#
≈..≈≈...†..†.#≈≈##≈≈..≈#
.≈#.#≈≈≈†≈.≈≈##≈≈##≈#≈≈#
########################


You could see 2 jellies and a cinder newt.


Message History

The cinder newt bites you. The cinder newt burns you (4).
The cinder newt bites you. The cinder newt burns you (3). 😮 HP[-6]
You take 6 damage, and now have 41/72 hp.
Things that are here:
a cinder newt skeleton; a sewer rat corpse You barely miss the cinder newt.
You block the cinder newt's attack. x2 😮 HP[+1]
You hit the cinder newt but do no damage.
The cinder newt bites you (2). The cinder newt burns you (3). 😮 HP[-5]
You take 5 damage, and now have 37/72 hp.
You hit the cinder newt (3).
It resists.
You hit the bullfrog (3).
It is lacerated severely!
The cinder newt bites you (1). The cinder newt burns you (4).
* * * LOW HITPOINT WARNING * * *
You block the bullfrog's attack. The bullfrog body-slams you (3).
* * * LOW HITPOINT WARNING * * *
The cinder newt bites you. The cinder newt burns you (3).
* * * LOW HITPOINT WARNING * * *
The bullfrog bites you. The bullfrog swallows you! 😨 HP[-10]
You take 10 damage, and now have 27/72 hp.
You slash the bullfrog (7)!
It is lacerated severely!
You kill the bullfrog!
You hear a splash.
You barely miss the cinder newt. The cinder newt bites you.
The cinder newt burns you (3).
* * * LOW HITPOINT WARNING * * *
You block the cinder newt's attack. 😨 HP[-2]
You take 2 damage, and now have 25/72 hp.
Unknown command.
Unknown command.
You hear a slurping noise.
The jelly splits in two!
You block the jelly's attack.
You see here a sewer rat corpse.
Your hands burn (1).
* * * LOW HITPOINT WARNING * * *
You hit the jelly (4).
It resists.
You hit the jelly but do no damage. The jelly hits you (1).
* * * LOW HITPOINT WARNING * * *
You are splashed with acid (3).
You resist.
* * * LOW HITPOINT WARNING * * *
The jelly hits you but does no damage.
The jelly splashes around in the water.
Unknown command. 😨 HP[-4]
You take 4 damage, and now have 21/72 hp.
The jelly is engulfed in a cloud of scalding steam (3).
Unknown command.
Really read
h - a scroll of blinking {!r}?
Blink to where?
Press: ? - help, Dir - move target You are very lightly contaminated with residual magic.
As you read the scroll of blinking {!r}, it crumbles to dust.
You hear a distant slurping noise. 😨 HP[+1]
You aren't carrying any potions.
Okay, then.
Unknown command. 😨 HP[+1]
A jelly is nearby! 😨 HP[+1]
Your hands burn (1).
* * * LOW HITPOINT WARNING * * *
You hit the jelly (3).
It resists.
The jelly hits you but does no damage. 😨 HP[-1]
You take 1 damage, and now have 23/72 hp.
Your hands burn (2).
* * * LOW HITPOINT WARNING * * *
You hit the jelly (1).
It resists.
The jelly hits you but does no damage. The jelly hits you (2).
* * * LOW HITPOINT WARNING * * *
You are splashed with acid (4).
You resist.
* * * LOW HITPOINT WARNING * * *
😱 HP[-7]
You take 7 damage, and now have 16/72 hp.
Your hands burn (3).
* * * LOW HITPOINT WARNING * * *
You hit the jelly (2).
It resists.
You hit the cinder newt (1).
It resists.
The jelly hits you but does no damage. The cinder newt bites you.
The cinder newt burns you (3).
* * * LOW HITPOINT WARNING * * *
😱 HP[-5]
You take 5 damage, and now have 11/72 hp.
Unknown command.
The acid corrodes you!
Your hands burn (4).
* * * LOW HITPOINT WARNING * * *
You hit the jelly (5).
It resists.
You hit the cinder newt (3).
It resists.
You are ready to hop once more.
You block the jelly's attack. The cinder newt bites you.
The cinder newt burns you (4).
* * * LOW HITPOINT WARNING * * *
The jelly hits you but does no damage. The cinder newt bites you (1).
* * * LOW HITPOINT WARNING * * *
The cinder newt burns you (4).
You die...

Skill      XL: |  1  2  3  4  5  6 |
---------------+-------------------+-----
Fighting       | 4 5 |  5.5
Axes & Hammers | 3 4 |  4.3
Shields        | 4 5 |  5.0
Armour         | |  3.6

Action                   |  1- 3 |  4- 6 || total
-------------------------+-------+-------++-------
Melee: War axe           |    32 |   134 ||   166
 Abil: Hop               |       |     1 ||     1
  Use: Potion            |       |     2 ||     2
       Scroll            |       |     1 ||     1
  Eat: Chunk             |       |     5 ||     5
Armor: Scale mail        |    11 |    91 ||   102
Dodge: Dodged            |     6 |    23 ||    29
Block: Heater shield     |    13 |    72 ||    85

Levels and vault maps discovered:
D:1:      minmay_arrival_three_doors, layout_basic
D:2:      layout_sewer, first_ration, serial_shops, shop, grunt_ministairs_2,
          okawaru_altar_gauntlet_db

Notes
Turn   | Place    | Note
-------+----------+-------------------------------------------
     0 | D:1      | MackTheKnife the Barachi Fighter began the quest for the
                  | Orb.
     0 | D:1      | Reached XP level 1. HP: 27/27 MP: 1/1
     0 | D:1      | magus.rc [v1.9.6]
   236 | D:1      | Reached XP level 2. HP: 36/36 MP: 2/2
   512 | D:1      | Reached skill level 4 in Fighting
   590 | D:1      | Reached XP level 3. HP: 42/45 MP: 3/3
   637 | D:1      | Reached skill level 3 in Axes & Hammers
   637 | D:1      | Reached skill level 4 in Shields
   689 | D:1      | Reached XP level 4. HP: 50/54 MP: 4/4
  1191 | D:1      | Reached XP level 5. HP: 30/63 MP: 5/5
  1197 | D:1      | HP: 14/63 [cinder newt (4)]
  1542 | D:2      | Reached skill level 5 in Fighting
  1549 | D:2      | HP: 14/63 [cinder newt (3)]
  1553 | D:2      | HP: 5/63 [cinder newt (2)]
  1553 | D:2      | HP: 1/63 [cinder newt (4)]
  1856 | D:2      | Reached skill level 4 in Axes & Hammers
  2087 | D:2      | Reached XP level 6. HP: 72/72 MP: 6/6
  2096 | D:2      | Reached skill level 5 in Shields
  2239 | D:2      | HP: 16/72 [acid (4)]
  2241 | D:2      | HP: 7/72 [acid (4)]
  2241 | D:2      | HP: 3/72 [cinder newt (4)]
  2241 | D:2      | Slain by a cinder newt

Vanquished Creatures
  4 giant cockroaches (D:1)
  15 sewer rats
  6 cinder newts
  A bullfrog (D:2)
  2 oozes (D:2)
  A dart slug (D:1)
  2 leopard geckos (D:1)
  An adder skeleton (D:2)
  A ball python (D:2)
  2 goblins (D:1)
  7 hobgoblins (D:1)
  A bat (D:1)
  4 kobolds (D:1)
  An orc skeleton (D:2)
  3 rats (D:1)
51 creatures vanquished.

Vanquished Creatures (others)
  A leopard gecko (D:2)
  2 bats (D:2)
  A bat skeleton (D:2)
  5 kobolds (D:2)
  A kobold skeleton (D:2)
  A giant blowfly (D:2)
  105 withered plants (D:2)
116 creatures vanquished.

Grand Total: 167 creatures vanquished

Table legend:
 A = Non-vault XP
 B = Vault XP
 C = Vault XP percentage of total XP
 D = Non-vault monster count
 E = Vault monster count
 F = Vault count percentage of total count
                 A         B        C        D         E       F
            +---------+---------+-------+---------+---------+-------
      Total |     393 |       3 |   0.8 |      49 |       2 |   3.9
            +---------+---------+-------+---------+---------+-------
        D:1 |     201 |       0 |   0.0 |      31 |       0 |   0.0
        D:2 |     192 |       3 |   1.5 |      18 |       2 |  10.0
            +---------+---------+-------+---------+---------+-------

Illustrated notes

Table legend:
 A = Kills in this place as a percentage of kills in entire the game.
 B = Kills by you in this place as a percentage of kills by you in the entire game.
 C = Kills by friends in this place as a percentage of kills by friends in the entire game.
 D = Other kills in this place as a percentage of other kills in the entire game.
 E = Experience gained in this place as a percentage of experience gained in the entire game.
 F = Experience gained in this place divided by the number of levels of this place that you have seen.
                   A       B       C       D       E      F
               +-------+-------+-------+-------+-------+----------------------
         Total | 100.0 | 100.0 |   N/A |   N/A | 100.0 | 198.0
       Dungeon | 100.0 | 100.0 |   N/A |   N/A | 100.0 | 198.0
               +-------+-------+-------+-------+-------+----------------------

Table legend: (Time is in decaauts)
 A = Elapsed time spent in this place.
 B = Non-inter-level travel time spent in this place.
 C = Inter-level travel time spent in this place.
 D = Time resting spent in this place.
 E = Time spent auto-exploring this place.
 F = Levels seen in this place.
 G = Mean time per level.
                   A        B        C        D        E       F      G
               +--------+--------+--------+--------+--------+-----+--------+
         Total |   2542 |   2474 |     68 |    763 |   1209 |   2 | 1271.0 |
       Dungeon |   2542 |   2474 |     68 |    763 |   1209 |   2 | 1271.0 |
               +--------+--------+--------+--------+--------+-----+--------+

Top non-repeatable levels by time:
     D:1: 1943 daAuts
     D:2: 598 daAuts
